 Dungeon Crawl Stone Soup version 0.29.0-13-gc9e81de378 (webtiles) character file.

Game seed: 7049916898894425619

145 trckry the Chiller (level 5, -6/35 HPs)
             Began as a Merfolk Ice Elementalist on Sept 8, 2022.
             Mangled by a mummy (7 damage)
             ... in an ossuary.
             The game lasted 00:07:26 (3135 turns).

trckry the Chiller (Merfolk Ice Elementalist)       Turns: 3135, Time: 00:07:27

Health: -6/35      AC: 11    Str: 10    XL:     5   Next: 27%
Magic:  0/9        EV: 12    Int: 14    God:
Gold:   128        SH:  0    Dex: 15    Spells: 3/10 levels left

rFire   + . .      SeeInvis .   i - +0 trident
rCold   . . .      Faith    .   (no shield)
rNeg    . . .      Spirit   .   m - +1 robe {rF+}
rPois   .          Reflect  .   o - +0 helmet
rElec   .          Harm     .   (no cloak)
rCorr   .          Rampage  .   (no gloves)
Will    .....                   g - +0 pair of boots
Stlth   ++........              (no amulet)
HPRegen 0.11/turn               (no ring)
MPRegen 0.11/turn               (no ring)

@: ice-armoured, freezing walls
A: (nimble swimmer 2), mertail
a: no special abilities


You were in an ossuary.
You visited 2 branches of the dungeon, and saw 5 of its levels.
You also visited: Ossuary.

You collected 128 gold pieces.

Inventory:

Hand Weapons
 d - a +0 shortbow
 i - a +0 trident (weapon)
Missiles
 t - 4 poisoned darts
Armour
 e - a +0 buckler
 g - a +0 pair of boots (worn)
 m - a +1 robe of fire resistance (worn)
 o - a +0 helmet (worn)
 s - a +0 cloak
Jewellery
 h - a ring of positive energy
 k - an amulet of faith
Scrolls
 a - a scroll of vulnerability {unknown}
 c - 3 scrolls of identify {unknown}
 p - 3 scrolls of poison {unknown}
 q - a scroll of enchant armour {unknown}
 r - 2 scrolls of blinking {unknown}
Potions
 b - a potion of flight {unknown}
 f - 2 potions of heal wounds {unknown}
 j - a potion of curing
 l - a potion of brilliance {unknown}
 n - a potion of berserk rage {unknown}


   Skills:
 - Level 2.6 Dodging
 - Level 2.1 Stealth
 + Level 3.1 Spellcasting
 * Level 6.3 Ice Magic


You had 3 spell levels left.
You knew the following spells:

 Your Spells              Type           Power      Damage    Failure   Level
a - Freeze                Ice            76%        1d9       1%          1
b - Frozen Ramparts       Ice            38%        1d6       4%          3
c - Ozocubu's Armour      Ice            19%        N/A       4%          3

Your spell library contained the following spells:

 Spells                   Type           Power      Damage    Failure   Level
 Ensorcelled Hibernation  Hex/Ice        22%        N/A       9%          2
 Ignite Poison            Fire/Tmut/Pois 2%         N/A       54%         3
 Mephitic Cloud           Conj/Pois/Air  2%         N/A       54%         3
 Spider Form              Tmut/Pois      2%         N/A       54%         3
 Hailstorm                Conj/Ice       11%        3d5       50%         4
 Anguish                  Hex/Necr       1%         N/A       91%         4
 Freezing Cloud           Conj/Ice/Air   4%         6-21      94%         5


Dungeon Overview and Level Annotations

Branches:
Dungeon (4/15) Zot: 21010  Temple (1/1) D:4 Zot: 5908 Ossuary (1/1) Zot: 5904

Altars:
Cheibriados
Fedhas
Gozag
Hepliaklqana
Kikubaaqudgha
Makhleb
Sif Muna
Trog
Uskayaw
Vehumet
Yredelemnul
The Shining One

Shops:
D:2 =


Innate Abilities, Weirdness & Mutations

((You are very nimble when in or above water. (Stealth+, EV+, Speed+++)))
Your lower body shifts to a powerful aquatic tail in water.


Message History

The arrow hits the orc zombie!
You destroy the orc zombie!
The mummy hits you. The mummy hits you but does no damage.
You shoot an arrow. The arrow hits the mummy.
The mummy is heavily damaged.
You shoot an arrow. The arrow hits the mummy.
The mummy is severely damaged.
The mummy barely misses you. The mummy misses you.
You shoot an arrow.
The arrow hits the mummy but does no damage.
The mummy is severely damaged.
The mummy hits you! The mummy barely misses you.
You take 13 damage, and have 15/35 hp.
MASSIVE DAMAGE!!
You are too injured to fight recklessly!
Okay, then.
i - a +0 trident (weapon)
The mummy hits you!
* * * LOW HITPOINT WARNING * * *
The mummy closely misses you.
You take 7 damage, and have 8/35 hp.
You feel better.
You regained 10 hp, and now have 18/35 hp.
Casting: Frozen Ramparts (dangerous; 4% risk of failure)
Confirm with . or Enter, or press ? or * to list all spells.
Casting: Frozen Ramparts (dangerous; 4% risk of failure)
Press: ? - help, Dir - look around, f - activate The walls around you are covered in ice.
The mummy completely misses you.
The mummy resists.
The wall freezes the mummy.
The mummy hits you!
* * * LOW HITPOINT WARNING * * *
You take 12 damage, and have 6/35 hp.
MASSIVE DAMAGE!!
You now have 0/9 mp.
You feel better.
You regained 8 hp, and now have 14/35 hp.
You hit the mummy.
The mummy is severely damaged.
The mummy hits you!
* * * LOW HITPOINT WARNING * * *
The wall freezes the mummy but does no damage.
The mummy hits you!
You die...

#....#
#....#
#....#
#....#
#....#
#....#
#....#
#.M..#
#@M∩.#
######


You could see 2 mummies.

Vanquished Creatures
  Jessica (D:2)
  2 mummies (Ossuary)
  3 adders
  A dart slug (D:3)
  3 ball pythons
  5 bats
  5 endoplasms
  3 giant cockroaches
  A gnoll zombie (Ossuary)
  3 goblins (D:2)
  3 hobgoblins
  8 jackals (D:2)
  9 kobolds
  4 quokkas
  A frilled lizard (D:2)
  3 hobgoblin zombies (Ossuary)
  2 kobold zombies (Ossuary)
  2 orc zombies (Ossuary)
  3 rats
62 creatures vanquished.

Notes
Turn   | Place    | Note
-------+----------+-------------------------------------------
     0 | D:1      | trckry the Merfolk Ice Elementalist began the quest for the
                  | Orb.
     0 | D:1      | Reached XP level 1. HP: 13/13 MP: 3/3
     6 | D:1      | You fall into a shaft and drop 1 floor!
    12 | D:2      | Found Zial's Jewellery Emporium.
   174 | D:2      | Reached XP level 2. HP: 7/19 MP: 1/5
   180 | D:2      | HP: 1/19 [jackal (3)]
   185 | D:2      | Reached skill level 5 in Ice Magic
   261 | D:2      | Noticed Jessica
   598 | D:1      | Reached XP level 3. HP: 23/24 MP: 6/6
  1157 | D:1      | Found a faded altar of an unknown god.
  1427 | D:2      | Killed Jessica
  1428 | D:2      | Reached XP level 4. HP: 30/30 MP: 6/8
  1963 | D:2      | Learned a level 3 spell: Frozen Ramparts
  1967 | D:2      | Learned a level 3 spell: Ozocubu's Armour
  2263 | D:3      | Reached skill level 6 in Ice Magic
  2901 | D:4      | Found a staircase to the Ecumenical Temple.
  2913 | Temple   | Entered the Ecumenical Temple
  3055 | D:4      | Found a sand-covered staircase.
  3060 | Ossuary  | Entered an ossuary
  3067 | Ossuary  | Reached XP level 5. HP: 35/35 MP: 9/9
  3135 | Ossuary  | HP: 1/35 [mummy (13)]
  3135 | Ossuary  | Mangled by a mummy

Illustrated notes

Levels and vault maps discovered:
D:1:      minmay_arrival_four_houses, layout_loops_ring, serial_aquarium,
          aquarium_bridge_island_small [aquarium_subvault_small_open,
          aquarium_subvault_wall, aquarium_subvault_wall,
          aquarium_subvault_bridge, aquarium_subvault_wall],
          aquarium_window_corner, aquarium_window_1, aquarium_window_2,
          aquarium_view_2f, aquarium_view_2c, aquarium_balcony_5a,
          aquarium_pool_2, basic_ecumenical_altar
D:2:      layout_loops_ring, serial_shops, nicolae_shop_stone,
          chequers_serial_rivers_small_3, uniq_jessica
D:3:      layout_loops_ring, minmay_misc_feat_x
D:4:      layout_basic, minmay_temple_entry_junction, portal_sewer_entry_b,
          enter_ossuary_2
Temple:   chequers_temple_sunken
Ossuary:  ossuary_tomb_3

Skill      XL: |  1  2  3  4 |
---------------+-------------+-----
Ice Magic      | 5 6 |  6.3
Spellcasting   | 3 |  3.1
Dodging        | |  2.6
Stealth        | |  2.1

Action                   |  1- 3 |  4- 6 || total
-------------------------+-------+-------++-------
Melee: Trident           |       |     1 ||     1
 Fire: Shortbow          |    69 |   107 ||   176
 Cast: Freeze            |     8 |     1 ||     9
       Frozen Ramparts   |       |     5 ||     5
       Ozocubu's Armour  |       |     1 ||     1
  Use: Potion            |     2 |     2 ||     4
Armor: Robe              |     7 |    37 ||    44
Dodge: Dodged            |    31 |    85 ||   116
